 Dungeon Crawl Stone Soup version 0.25-a0-1024-gbfbf38f2cb (webtiles) character file.

Game seed: 10928590087801290897, levelgen mode: classic

34 Amnesiac the Cutter (level 3, -2/22 HPs)
             Began as a Deep Elf Fighter on May 12, 2020.
             Slain by a killer bee (8 damage)
             ... on level 4 of the Dungeon.
             The game lasted 00:02:57 (632 turns).

Amnesiac the Cutter (Deep Elf Fighter)               Turns: 632, Time: 00:02:57

Health: -2/22      AC:  7    Str: 14    XL:     3   Next: 14%
Magic:  0/5        EV:  7    Int: 12    God:
Gold:   31         SH:  8    Dex: 14    Spells: 2/2 levels left

rFire    . . .     SeeInvis .   a - +0 rapier
rCold    . . .     Gourm    .   c - +0 kite shield
rNeg     . . .     Faith    .   p - +0 scale mail (curse)
rPois    .         Spirit   +   (no helmet)
rElec    .         Reflect  .   g - scarf {Spirit}
rCorr    .         Harm     .   q - +0 pair of gloves
MR       .....                  (no boots)
Stlth    ..........             r - amulet of inaccuracy (curse)
HPRegen  0.07/turn              (no ring)
MPRegen  0.09/turn              (no ring)

@: lethally poisoned (-2 -> -15), about to teleport
A: no striking features
a: no special abilities


You were on level 4 of the Dungeon.
You were not hungry.

You visited 1 branch of the dungeon, and saw 4 of its levels.

You collected 31 gold pieces.

Inventory:

Hand Weapons
 a - a +0 rapier (weapon)
Missiles
 n - 34 stones (quivered)
 s - 14 poisoned darts
Armour
 c - a +0 kite shield (worn)
 g - a scarf of spirit shield (worn)
 p - a cursed +0 scale mail (worn)
 q - a +0 pair of gloves (worn)
Jewellery
 r - a cursed amulet of inaccuracy (around neck)
Scrolls
 b - a scroll of enchant armour {!r, unknown}
 e - 3 scrolls of remove curse {!r, unknown}
 i - 3 scrolls of amnesia {!r, unknown}
 k - 2 scrolls of identify {!r, unknown}
 m - 2 scrolls of immolation {!r, unknown}
Potions
 d - a potion of might {!q}
 h - a potion of heal wounds {!q, unknown}
 j - a potion of degeneration {!q, unknown}
 o - a potion of mutation {!q, unknown}
Comestibles
 f - a ration
 l - a chunk of flesh


   Skills:
 - Level 2.4 Fighting
 * Level 3.2 Short Blades
 - Level 2.4 Armour
 + Level 1.8 Dodging
 - Level 2.4 Shields


You had 2 spell levels left.
You didn't know any spells.
Your spell library was empty.

Dungeon Overview and Level Annotations

Branches:
Dungeon (4/15)
 Temple: D:4-7

Altars:
Ashenzari
Kikubaaqudgha
Wu Jian
Xom


Message History

i - 3 scrolls labeled JUTWIJ ZUATABUU {!r} (gained 1)
Found a shimmering altar of Xom.
Found a stone staircase leading down.
You see here 14 poisoned darts.
s - 14 poisoned darts
Found an ancient bone altar of Kikubaaqudgha.
You open the door.
t - a scroll labeled JONISHR NENNEUC {!r} You open the door.
Found 13 stones.
There is an open door here.
n - 34 stones (gained 13)
Found 9 gold pieces.
Found a scroll labeled PUOXTU PAEDGH.
Found a stone staircase leading up and a stone staircase leading down.
You now have 31 gold pieces (gained 9).
An orc comes into view. It is wielding a +0 dagger.
The orc shouts!
You see here a scroll labeled PUOXTU PAEDGH {!r}.
m - 2 scrolls labeled PUOXTU PAEDGH {!r} (gained 1)
You hit the orc.
The orc is almost dead.
The orc hits you but does no damage.
You hit the orc.
You kill the orc!
Things that are here:
a +0 dagger; an orc corpse You butcher the orc corpse.
l - 2 chunks of flesh (gained 1)
Things that are here:
a +0 dagger; an orc skeleton
Found a dagger.
Found an ornate altar of the Wu Jian Council.
Found a shattered altar of Ashenzari.
Some of the chunks of flesh in your inventory have rotted away.
There is a stone staircase leading up here.
You climb upwards.
The killer bee buzzes angrily. x4 2 killer bees come into view.
The killer bee stings you. You block the killer bee's attack. x2
The killer bee stings you! You block the killer bee's attack.
An ooze comes into view.
Found 9 gold pieces and a scroll labeled JONISHR NENNEUC.
There is a stone staircase leading down, spattered with blood here.
The killer bee stings you. You block the killer bee's attack. x2
The killer bee stings you.
You are poisoned.
The killer bee poisons you! The killer bee stings you.
The killer bee stings you but does no damage.
You climb downwards.
You feel sick.
There is a stone staircase leading up here.
Okay, then.
Really read
t - a scroll labeled JONISHR NENNEUC {!r}? [Y]es or [N]o only, please.
Really read
t - a scroll labeled JONISHR NENNEUC {!r}?
As you read the scroll labeled JONISHR NENNEUC {!r}, it crumbles to dust.
You feel strangely unstable.
It was a scroll of teleportation {!r}.
You feel sick. You block the killer bee's attack. The killer bee stings you.
* * * LOW HITPOINT WARNING * * *
The killer bee barely misses you. The killer bee closely misses you.
The killer bee stings you.
* * * LOW HITPOINT WARNING * * *
You are more poisoned.
The killer bee poisons you! The killer bee stings you!
You die...

#.# ....## #.#
..........
.###)#####..###...#
..........>...+...+
#.##.........##...# #
. +.........##...#.#
#.........##...#.####
###.......##.........
. #..........@..# ..
+.........yyy.+
#.####......###....#
............# ######
#.#.......#.# ##8##
..+.........# 8...8#
#.#.........##.....#
#.###.......#_...)._
.........)..##.....##


You could see 3 killer bees.

Vanquished Creatures
  An adder (D:2)
  An ooze (D:2)
  A dart slug (D:1)
  An orc (D:4)
  A bat (D:1)
  5 goblins
  2 hobgoblins
  3 kobolds
  3 frilled lizards
18 creatures vanquished.

Notes
Turn   | Place    | Note
-------+----------+-------------------------------------------
     0 | D:1      | Amnesiac the Deep Elf Fighter began the quest for the Orb.
     0 | D:1      | Reached XP level 1. HP: 13/13 MP: 3/3
   162 | D:1      | Reached skill level 1 in Dodging
   162 | D:1      | Reached XP level 2. HP: 17/18 MP: 4/4
   385 | D:2      | Reached skill level 3 in Short Blades
   385 | D:2      | Reached XP level 3. HP: 18/22 MP: 3/5
   549 | D:4      | Found a shimmering altar of Xom.
   553 | D:4      | Found an ancient bone altar of Kikubaaqudgha.
   622 | D:4      | Found an ornate altar of the Wu Jian Council.
   625 | D:4      | Found a shattered altar of Ashenzari.
   629 | D:3      | Noticed a killer bee
   629 | D:3      | Noticed a killer bee
   629 | D:3      | Noticed a killer bee
   629 | D:3      | Noticed a killer bee
   629 | D:3      | Noticed a killer bee
   629 | D:3      | Noticed a killer bee
   632 | D:4      | Slain by a killer bee

Illustrated notes

Levels and vault maps discovered:
D:1:      lightli_arrival_boilingwater, layout_loops_ring
D:2:      layout_loops_corners, nicolae_overflow_crystal_walls,
          kennysheep_cross_bottleneck, minmay_tripent
D:3:      layout_rooms, nicolae_qazlal_eye_of_the_storm, minivault_14,
          uniq_terence
D:4:      minmay_chambers_of_threes, layout_basic,
          nicolae_overflow_hidden_temple, marbit_many_paths, uniq_blork_the_orc

Skill      XL: |  1  2 |
---------------+-------+-----
Dodging        | 1 |  1.8
Short Blades   | 3 |  3.2
Fighting       | |  2.4
Armour         | |  2.4
Shields        | |  2.4

Action                   || total
-------------------------++-------
Melee: Rapier            ||    62
Throw: Stone             ||     1
  Use: Scroll            ||     1
Armor: Scale mail        ||    21
Dodge: Dodged            ||    21
Block: Kite shield       ||    24

Table legend:
 A = Non-vault XP
 B = Vault XP
 C = Vault XP percentage of total XP
 D = Non-vault monster count
 E = Vault monster count
 F = Vault count percentage of total count
                 A         B        C        D         E       F
            +---------+---------+-------+---------+---------+-------
      Total |      40 |       9 |  18.4 |      16 |       2 |  11.1
            +---------+---------+-------+---------+---------+-------
        D:1 |      14 |       0 |   0.0 |       8 |       0 |   0.0
        D:2 |      18 |       9 |  33.3 |       4 |       2 |  33.3
        D:3 |       2 |       0 |   0.0 |       1 |       0 |   0.0
        D:4 |       6 |       0 |   0.0 |       3 |       0 |   0.0
            +---------+---------+-------+---------+---------+-------
